 Dungeon Crawl Stone Soup version 0.27.1-33-g824d729ab1 (webtiles) character file.

Game seed: 2070409972405353671

95 solopath the Poker (level 4, 0/33 HPs)
             Began as a Demonspawn Gladiator on Dec 2, 2021.
             Slain by a goblin (2 damage)
             ... led by Robin
             ... on level 2 of the Dungeon.
             The game lasted 00:02:31 (3255 turns).

solopath the Poker (Demonspawn Gladiator)           Turns: 3255, Time: 00:02:32

Health: 0/33       AC:  3    Str: 15    XL:     4   Next: 40%
Magic:  4/4        EV: 13    Int: 10    God:
Gold:   75         SH:  0    Dex: 20    Spells: 3/3 levels left

rFire    . . .     SeeInvis .   a - +0 trident
rCold    + . .     Faith    .   (no shield)
rNeg     . . .     Spirit   .   b - +0 leather armour
rPois    .         Reflect  .   (helmet restricted)
rElec    .         Harm     .   (no cloak)
rCorr    .         Rampage  .   (no gloves)
Will     .....                  (no boots)
Stlth    +.........             (no amulet)
HPRegen  0.11/turn              f - ring of protection from cold
MPRegen  0.09/turn              j - +6 ring of dexterity

@: no status effects
A: antennae 2
a: no special abilities


You were on level 2 of the Dungeon.
You visited 1 branch of the dungeon, and saw 3 of its levels.

You collected 75 gold pieces.

Inventory:

Hand Weapons
 a - a +0 trident (weapon)
Missiles
 d - 3 throwing nets (quivered)
Armour
 b - a +0 leather armour (worn)
 c - a +0 helmet
Jewellery
 f - a ring of protection from cold (left hand)
 j - a +6 ring of dexterity (right hand)
 l - a ring of fire
Scrolls
 e - 2 scrolls of teleportation {unknown}
 g - a scroll of amnesia {unknown}
 h - 5 scrolls of identify {unknown}
Potions
 i - a potion of brilliance {unknown}
 k - 3 potions of lignification {unknown}


   Skills:
 - Level 2.0 Fighting
 + Level 4.8 Polearms
 - Level 1.7 Throwing
 - Level 2.6 Dodging


You had 3 spell levels left.
You didn't know any spells.
Your spell library contained the following spells:

 Spells                   Type           Power      Damage    Failure   Level
 Summon Small Mammal      Summ           0%         N/A       43%         1
 Call Canine Familiar     Summ           0%         N/A       80%         3
 Frozen Ramparts          Ice            0%         1d2       80%         3
 Ignite Poison            Fire/Tmut/Pois 0%         N/A       80%         3
 Mephitic Cloud           Conj/Pois/Air  0%         N/A       80%         3
 Summon Guardian Golem    Hex/Summ       0%         N/A       80%         3
 Ice Form                 Ice/Tmut       0%         N/A       99%         4
 Summon Ice Beast         Ice/Summ       0%         N/A       99%         4
 Bolt of Magma            Conj/Fire/Erth 0%         4d4       100%        5
 Summon Mana Viper        Hex/Summ       0%         N/A       100%        5
 Monstrous Menagerie      Summ           0%         N/A       100%        7


Dungeon Overview and Level Annotations

Branches:
Dungeon (3/15)

Altars:
Uskayaw

Annotations:
D:3 Robin


Innate Abilities, Weirdness & Mutations

You have a pair of antennae on your head.


Message History

The goblins go into a battle-frenzy!
There is a stone staircase leading up here.
You hit the goblin.
You kill the goblin!
Robin roars a battlecry!
The goblin goes into a battle-frenzy!
The hobgoblin closely misses you.
You barely miss the goblin. Robin throws the goblin at you!
The hobgoblin barely misses you.
The goblin hits you with a +0 dagger. x2
You puncture the goblin!
You kill the goblin!
The hobgoblin hits you. The goblin hits you but does no damage.
The hobgoblin closely misses you.
You completely miss the goblin. The goblin completely misses you.
The hobgoblin barely misses you. Robin misses you.
You closely miss the goblin. The goblin hits you with a +0 dagger.
Robin hits you from afar with a +0 spear.
The hobgoblin closely misses you.
You are too injured to fight recklessly!
You are too injured to fight recklessly!
You are too injured to fight recklessly!
You are too injured to fight recklessly!
You are too injured to fight recklessly!
You are too injured to fight recklessly!
Unknown command.
The goblin hits you with a +0 dagger. Robin barely misses you.
The hobgoblin barely misses you.
You climb upwards.
There is a stone staircase leading down, spattered with blood here.
You closely miss the goblin. The goblin hits you with a +0 dagger.
* * * LOW HITPOINT WARNING * * *
The hobgoblin hits you.
* * * LOW HITPOINT WARNING * * *
You barely miss the goblin. The goblin hits you with a +0 dagger.
* * * LOW HITPOINT WARNING * * *
The hobgoblin closely misses you.
You barely miss the goblin. The goblin hits you with a +0 dagger.
* * * LOW HITPOINT WARNING * * *
The hobgoblin misses you. The goblin hits you with a +0 dagger.
You die...

.###.###.######....#
.# #.# #.#######.#.#
.# #.# #......<..#.#
.# #.# ###########.#
.# #.# #.# .#
#.####### #.# ##
#.......# #.#
#######.#######.#
#.....g@g.#
###########


You could see a hobgoblin (strong) and a goblin (strong).

Vanquished Creatures
  3 adders
  3 worms
  A dart slug (D:1)
  3 ball pythons
  8 bats
  5 endoplasms
  15 goblins
  2 hobgoblins (D:2)
  2 jackals (D:3)
  6 kobolds
  2 quokkas
  2 frilled lizards
  3 rats
55 creatures vanquished.

Vanquished Creatures (others)
  A plant (D:1)
1 creature vanquished.

Grand Total: 56 creatures vanquished

Notes
Turn   | Place    | Note
-------+----------+-------------------------------------------
     0 | D:1      | solopath the Demonspawn Gladiator began the quest for the
                  | Orb.
     0 | D:1      | Reached XP level 1. HP: 16/16 MP: 1/1
   254 | D:1      | Reached skill level 3 in Polearms
   343 | D:1      | Gained mutation: You have a pair of small antennae on your
                  | head. [demonic ancestry]
   343 | D:1      | Reached XP level 2. HP: 22/22 MP: 2/2
  1369 | D:2      | Reached XP level 3. HP: 19/27 MP: 3/3
  1539 | D:2      | Reached skill level 4 in Polearms
  2583 | D:3      | Noticed a +0 hand axe
  2583 | D:3      | Noticed a +0 dagger
  2588 | D:3      | Found a hide-covered altar of Uskayaw.
  2604 | D:3      | Gained mutation: You have a pair of antennae on your head.
                  | [demonic ancestry]
  2604 | D:3      | Reached XP level 4. HP: 16/33 MP: 4/4
  3080 | D:3      | Noticed Robin
  3255 | D:2      | Slain by a goblin

Illustrated notes

Levels and vault maps discovered:
D:1:      saegor_arrival_simple_a, layout_basic, chequers_big_river
D:2:      layout_loops_ring
D:3:      layout_basic, dancing_weapons_uskayaw, uniq_robin

Skill      XL: |  1  2  3 |
---------------+----------+-----
Polearms       | 3 4 |  4.8
Fighting       | |  2.0
Throwing       | |  1.7
Dodging        | |  2.6

Action                   |  1- 3 |  4- 6 || total
-------------------------+-------+-------++-------
Melee: Trident           |   132 |    62 ||   194
 Stab: Sleeping          |     3 |       ||     3
Armor: Leather armour    |    21 |    24 ||    45
Dodge: Dodged            |    69 |    49 ||   118
